 Dungeon Crawl Stone Soup version 0.23-a0-356-g1757c6e (webtiles) character file.

378 Gergoth the Chopper (level 6, -7/57 HPs)
             Began as a Minotaur Monk on Oct 21, 2018.
             Killed from afar by an orc wizard (8 damage)
             ... with a magic dart
             ... on level 4 of the Dungeon.
             The game lasted 00:04:49 (3260 turns).

Gergoth the Chopper (Minotaur Monk)                 Turns: 3260, Time: 00:04:50

Health: -7/57      AC:  5    Str: 16    XL:     6   Next: 45%
Magic:  5/5        EV: 12    Int:  8    God:
Gold:   117        SH:  0    Dex: 13    Spells: 5/5 levels left

rFire    . . .     SeeInvis .   a - +0 hand axe
rCold    . . .     Gourm    .   (no shield)
rNeg     . . .     Faith    .   k - +0 ring mail
rPois    .         Spirit   .   (helmet restricted)
rElec    .         Reflect  .   (no cloak)
rCorr    .         Harm     .   (no gloves)
MR       .....                  (no boots)
Stlth    ++........             (no amulet)
HPRegen  0.19/turn              (no ring)
MPRegen  0.09/turn              (no ring)

@: lethally poisoned (-7 -> -9), hasted and slowed
A: retaliatory headbutt, horns 2
a: no special abilities


You were on level 4 of the Dungeon.
You were hungry.

You visited 1 branch of the dungeon, and saw 4 of its levels.

You collected 117 gold pieces.

Inventory:

Hand Weapons
 a - a +0 hand axe (weapon)
Armour
 g - a cursed +0 chain mail
 k - a +0 ring mail (worn)
 q - a +0 pair of gloves
Jewellery
 r - an uncursed amulet of the acrobat {unknown}
Scrolls
 b - 2 scrolls of noise {unknown}
 d - a scroll of identify
 e - 2 scrolls of immolation
 f - a scroll of magic mapping {unknown}
 h - 2 scrolls of enchant armour {unknown}
 i - 2 scrolls of teleportation {unknown}
 n - a scroll of random uselessness {unknown}
 o - a scroll of remove curse {unknown}
 u - a scroll of enchant weapon {unknown}
 v - a scroll of amnesia {unknown}
Potions
 l - a potion of agility {unknown}
 m - a potion of brilliance {unknown}
 p - a potion of haste
 s - a potion of magic
 t - 2 potions of curing {unknown}
Comestibles
 c - 5 rations


   Skills:
 + Level 5.9 Fighting
 + Level 5.9 Axes
 - Level 3.2 Dodging
 + Level 3.7 Stealth


You had 5 spell levels left.
You didn't know any spells.
Your spell library was empty.

Dungeon Overview and Level Annotations

Branches:
Dungeon (4/15)
 Temple: D:4-7

Altars:
Cheibriados
Kikubaaqudgha
The Shining One


Innate Abilities, Weirdness & Mutations

You reflexively headbutt those who attack you in melee.
You have a pair of horns on your head.


Message History

You feel sick. The orc hits you with a +0 short sword.
* * * LOW HITPOINT WARNING * * *
You hit the orc.
You kill the orc!
The orc wizard gestures wildly while chanting.
The orc wizard seems to speed up.
You feel sick.
The orc wizard gestures at you while chanting.
The magic dart hits you!
* * * LOW HITPOINT WARNING * * *
You hit the orc wizard.
The orc wizard is almost dead.
The orc wizard hits you but does no damage.
It was a potion of magic.
Magic courses through your body.
* * * LOW HITPOINT WARNING * * *
You feel sick.
The orc wizard hits you but does no damage.
The orc wizard points at you and mumbles some strange words.
The magic dart hits you!
You die...

#.#########.# #######.# ##
####.####...##.# ###.)....#
^+
#.......#...##.###...######
## #.##.##.#..........#.# #
#.##.#..........##...# #.
#.##.................#
##..##.####...............#
.........###.#...o#..######
..####.......#..@##..# #.#
#.....###...))).# ..#
#.....# ######.## ###
#.....# #.o.# #.....# #...#
.. #.....# #o!.# .. ##.#.##
#..!#
..####.#..####........
......###..............


You could see an orc wizard.

Vanquished Creatures
  2 centaur skeletons
  A bullfrog skeleton (D:4)
  2 iguanas (D:4)
  2 worker ants (D:4)
  An orc wizard (D:4)
  5 adders
  2 oozes
  4 worms (D:2)
  A dart slug (D:2)
  5 leopard geckos
  4 orcs
  A bat zombie (D:3)
  4 giant cockroaches
  9 goblins
  9 hobgoblins
  4 jackals (D:1)
  8 kobolds
  7 bats
  4 frilled lizards
  8 rats
  A rat zombie (D:3)
84 creatures vanquished.

Vanquished Creatures (others)
  An orc wizard (D:4)
1 creature vanquished.

Grand Total: 85 creatures vanquished

Notes
Turn   | Place    | Note
-------+----------+-------------------------------------------
     0 | D:1      | Gergoth the Minotaur Monk began the quest for the Orb.
     0 | D:1      | Reached XP level 1. HP: 19/19 MP: 0/0
   150 | D:1      | Reached XP level 2. HP: 15/27 MP: 1/1
   777 | D:1      | Reached XP level 3. HP: 32/33 MP: 2/2
  1154 | D:2      | Found a snail-covered altar of Cheibriados.
  1333 | D:2      | Reached XP level 4. HP: 22/41 MP: 3/3
  2278 | D:3      | Found a glowing golden altar of the Shining One.
  2336 | D:3      | Found an ancient bone altar of Kikubaaqudgha.
  2464 | D:3      | Reached skill level 5 in Fighting
  2464 | D:3      | Reached skill level 5 in Axes
  2464 | D:3      | Reached XP level 5. HP: 32/48 MP: 4/4
  2987 | D:4      | Reached XP level 6. HP: 54/56 MP: 5/5
  3258 | D:4      | HP: 2/57 [orc wizard/magic dart (4)]
  3260 | D:4      | Killed from afar by an orc wizard

Vault maps used:
D:1:      tarquinn_simple_flora_water_a
D:2:      kennysheep_slug_shrine
D:3:      lemuel_zombie_altar_kikubaaqudgha, nicolae_overflow_hidden_temple,
          tso_metal_star, first_ration
D:4:      grunt_tough_drop

Skill      XL: |  1  2  3  4 |
---------------+-------------+-----
Axes           | 4 5 |  5.9
Fighting       | 4 5 |  5.9
Stealth        | 2 3 |  3.7
Dodging        | |  3.2

Action                   |  1- 3 |  4- 6 || total
-------------------------+-------+-------++-------
Melee: Hand axe          |    99 |   136 ||   235
       Headbutt          |     8 |    22 ||    30
  Use: Scroll            |     2 |     1 ||     3
       Potion            |       |     3 ||     3
 Stab: Sleeping          |     2 |     4 ||     6
       Distracted        |       |     1 ||     1
  Eat: Chunk             |     1 |     6 ||     7
Armor: Robe              |     7 |       ||     7
       Ring mail         |    14 |    35 ||    49
Dodge: Dodged            |    46 |    88 ||   134

Table legend:
 A = Non-vault XP
 B = Vault XP
 C = Vault XP percentage of total XP
 D = Non-vault monster count
 E = Vault monster count
 F = Vault count percentage of total count
                 A         B        C        D         E       F
            +---------+---------+-------+---------+---------+-------
      Total |     533 |       7 |   1.3 |      82 |       3 |   3.5
            +---------+---------+-------+---------+---------+-------
        D:1 |      52 |       0 |   0.0 |      31 |       0 |   0.0
        D:2 |      78 |       4 |   4.9 |      20 |       1 |   4.8
        D:3 |     122 |       3 |   2.4 |      20 |       2 |   9.1
        D:4 |     281 |       0 |   0.0 |      11 |       0 |   0.0
            +---------+---------+-------+---------+---------+-------
